TOP OF THE 1ST |
University of Michigan Wolverines batting - Pitching for Wichita State University Shockers : LHP Joe Seaborn
|
Pitching: LHP Joe Seaborn
|
|
Batting: LHB Javier Cajina
|
0-0: Ball 1-0: Swinging Strike 1-1: Ball 2-1: Ground out 4-3 (Groundball, 4, EV 100.6 MPH)
|
Batting: RHB Jeremy Marin
|
0-0: Called Strike 0-1: Reached on error, E6 (Groundball, 6, EV 83.8 MPH)
|
Batting: SHB Raul Herrera
|
0-0: Called Strike 0-1: Ball 1-1: DOUBLE (Flyball, 8RXD, EV 113.1 MPH) Jeremy Marin to third Runner from 3rd tries for Home, SAFE, no throw by CF
|
Batting: LHB Hector Beltran
|
0-0: Ball 1-0: Foul Ball, location: 2F 1-1: Swinging Strike 1-2: Strikes out looking
|
Batting: LHB Takao Ogura
|
0-0: Called Strike 0-1: Ball 1-1: Fly out, F8 (Flyball, 8RD, EV 81.2 MPH)
|
Top of the 1st over - 1 run, 1 hit, 1 error, 1 left on base; University of Michigan 1 - Wichita State University 0 |
BOTTOM OF THE 1ST |
Wichita State University Shockers batting - Pitching for University of Michigan Wolverines : RHP Danny Arroyo
|
Pitching: RHP Danny Arroyo
|
|
Batting: RHB Alex Zeledon
|
0-0: Ball 1-0: Ball 2-0: Ball 3-0: Base on Balls
|
Batting: RHB Kyle Gill
|
0-0: Called Strike 0-1: Ball Alex Zeledon steals 2nd base 1-1: Ball 2-1: DOUBLE (Line Drive, 3D, EV 96.9 MPH) Alex Zeledon scores
|
Batting: LHB Carlos Flores
|
0-0: Ball 1-0: Ball 2-0: Called Strike 2-1: Swinging Strike 2-2: Foul Ball, location: 2F 2-2: Foul Ball, location: 2F 2-2: Strikes out swinging
|
Batting: RHB Marvin Coffey
|
0-0: SINGLE (Groundball, 56D, EV 103.8 MPH) Kyle Gill to third Runner from 3rd tries for Home, SAFE, throw by LF to home
|
Batting: LHB Kyle Lee
|
0-0: Ball 1-0: Called Strike 1-1: Called Strike 1-2: Ball 2-2: Ball 3-2: Foul Ball, location: 2F 3-2: Reached on error, E3 (Groundball, 3, EV 84.4 MPH) Marvin Coffey to second
|
Batting: RHB Jordan Carr
|
0-0: Ball 1-0: Ball 2-0: Called Strike 2-1: Ball 3-1: Base on Balls Marvin Coffey to third Kyle Lee to second
|
Batting: RHB Jeff Grant
|
0-0: Foul Ball, location: 2F 0-1: Swinging Strike 0-2: Ball 1-2: Ball 2-2: Ball 3-2: Fly out, F9 (Flyball, 9LM, EV 89.4 MPH) Runner from 3rd tags up, SCORES, throw by RF Kyle Lee to third
|
Batting: SHB Peter Faggard
|
0-0: Ball 1-0: Called Strike 1-1: DOUBLE (Flyball, 8RXD, EV 103.8 MPH) Kyle Lee scores Jordan Carr to third Runner from 3rd tries for Home, SAFE, throw by CF to home
|
Batting: RHB Rick McGrath
|
0-0: Swinging Strike 0-1: Ball 1-1: DOUBLE (Flyball, 78XD, EV 98.1 MPH) Peter Faggard scores
|
Pitching: LHP Kevin Perrell
|
|
Batting: RHB Alex Zeledon
|
0-0: Ball 1-0: Ball 2-0: Called Strike 2-1: Called Strike 2-2: Strikes out swinging
|
Bottom of the 1st over - 6 runs, 4 hits, 1 error, 1 left on base; University of Michigan 1 - Wichita State University 6 |
TOP OF THE 2ND |
University of Michigan Wolverines batting - Pitching for Wichita State University Shockers : LHP Joe Seaborn
|
Batting: SHB Fernando Fundora
|
0-0: Ball 1-0: Ball 2-0: Hit by Pitch
|
Batting: RHB Shiki Nomoto
|
0-0: Ball 1-0: Ball 2-0: Ball 3-0: Called Strike 3-1: Base on Balls Fernando Fundora to second
|
Batting: LHB Carlos Guajardo
|
0-0: Ball 1-0: Ball 2-0: Fly out, F9 (Flyball, 9LM, EV 95.6 MPH)
|
Batting: LHB Yoshihisa Kobayashi
|
0-0: Ball 1-0: Foul Ball, location: 2F 1-1: Ball 2-1: Foul Ball, location: 2F 2-2: Foul Ball, location: 2F 2-2: Ball 3-2: Fielders Choice at 2nd, 1-6 (Groundball, 13S, EV 66.2 MPH) Fernando Fundora to third
|
Batting: LHB Javier Cajina
|
0-0: Ball 1-0: Called Strike 1-1: Ball 2-1: Called Strike 2-2: Ground out 4-3 (Groundball, 34, EV 103.8 MPH)
|
Top of the 2nd over - 0 runs, 0 hits, 0 errors, 2 left on base; University of Michigan 1 - Wichita State University 6 |
BOTTOM OF THE 2ND |
Wichita State University Shockers batting - Pitching for University of Michigan Wolverines : LHP Kevin Perrell
|
Batting: RHB Kyle Gill
|
0-0: Called Strike 0-1: Called Strike 0-2: Ball 1-2: Reached on error, E6 (Groundball, 56, EV 90.0 MPH)
|
Batting: LHB Carlos Flores
|
0-0: Foul Ball, location: 2F 0-1: Ball 1-1: Foul Ball, location: 2F 1-2: Strikes out swinging
|
Batting: RHB Marvin Coffey
|
0-0: Ball 1-0: SINGLE (Groundball, 56S, EV 61.9 MPH) (infield hit) Kyle Gill to second
|
Batting: LHB Kyle Lee
|
0-0: Ball 1-0: Foul Ball, location: 2F 1-1: Swinging Strike 1-2: Ball 2-2: Ball 3-2: SINGLE (Line Drive, 9LS, EV 99.4 MPH) Kyle Gill to third Marvin Coffey to second Runner from 3rd tries for Home, SAFE, throw by RF to home
|
Batting: RHB Jordan Carr
|
0-0: Ball 1-0: SINGLE (Flyball, 6MD, EV 85.6 MPH) Marvin Coffey to third Kyle Lee to second
|
Batting: RHB Jeff Grant
|
0-0: Ball 1-0: Ball 2-0: GRAND SLAM HOME RUN (Flyball, 78XD, EV 106.2 MPH), Distance : 419 ft
|
Pitching: RHP Russ Mathewson
|
|
Batting: SHB Peter Faggard
|
0-0: Called Strike 0-1: Swinging Strike 0-2: Foul Ball, location: 2F 0-2: Ball 1-2: Strikes out swinging
|
Batting: RHB Rick McGrath
|
0-0: Fly out, F9 (Flyball, 9LMF, EV 89.4 MPH)
|
Bottom of the 2nd over - 5 runs, 4 hits, 1 error, 0 left on base; University of Michigan 1 - Wichita State University 11 |
TOP OF THE 3RD |
University of Michigan Wolverines batting - Pitching for Wichita State University Shockers : LHP Joe Seaborn
|
Batting: RHB Jeremy Marin
|
0-0: SINGLE (Line Drive, 89M, EV 103.1 MPH)
|
Batting: SHB Raul Herrera
|
0-0: Ball 1-0: Hit by Pitch Jeremy Marin to second
|
Batting: LHB Hector Beltran
|
0-0: Ball 1-0: Swinging Strike 1-1: Swinging Strike 1-2: Foul Ball, location: 2F 1-2: Strikes out swinging
|
Batting: LHB Takao Ogura
|
0-0: Ball 1-0: Swinging Strike 1-1: Ball 2-1: Ball 3-1: Base on Balls Jeremy Marin to third Raul Herrera to second
|
Batting: SHB Fernando Fundora
|
0-0: Ball 1-0: Called Strike 1-1: Ball 2-1: Ball 3-1: Foul Ball, location: 2F 3-2: Strikes out swinging
|
Batting: RHB Shiki Nomoto
|
0-0: SINGLE (Groundball, 56, EV 103.8 MPH) Jeremy Marin scores Raul Herrera to third Takao Ogura to second Runner from 3rd tries for Home, SAFE, throw by LF to home Takao Ogura to third Shiki Nomoto to second
|
Batting: LHB Carlos Guajardo
|
0-0: Ball 1-0: Called Strike 1-1: Swinging Strike 1-2: Strikes out swinging
|
Top of the 3rd over - 2 runs, 2 hits, 0 errors, 2 left on base; University of Michigan 3 - Wichita State University 11 |
BOTTOM OF THE 3RD |
Wichita State University Shockers batting - Pitching for University of Michigan Wolverines : RHP Russ Mathewson
|
Batting: RHB Alex Zeledon
|
0-0: Ball 1-0: Ball 2-0: Ball 3-0: Base on Balls
|
Batting: RHB Kyle Gill
|
0-0: Called Strike 0-1: Ball Wild Pitch! Alex Zeledon to second 1-1: Ball 2-1: Ground out 1-3 (Groundball, 25, EV 60.6 MPH)
|
Batting: LHB Carlos Flores
|
0-0: Ball 1-0: 2-RUN HOME RUN (Flyball, 9D, EV 99.4 MPH), Distance : 387 ft
|
Batting: RHB Marvin Coffey
|
0-0: Ball 1-0: Fly out, F7 (Flyball, 7, EV 94.4 MPH)
|
Batting: LHB Kyle Lee
|
0-0: Called Strike 0-1: SINGLE (Line Drive, 78S, EV 108.1 MPH)
|
Batting: RHB Jordan Carr
|
0-0: Foul Ball, location: 2F 0-1: Ball 1-1: SINGLE (Line Drive, 89M, EV 95.6 MPH) Kyle Lee to second Runner from 2nd tries for 3rd, SAFE, throw by RF made to third
|
Batting: RHB Jeff Grant
|
0-0: SINGLE (Groundball, 56S, EV 66.2 MPH) (infield hit) Kyle Lee scores Jordan Carr to second
|
Batting: SHB Peter Faggard
|
0-0: Ball Wild Pitch! Jordan Carr to third Jeff Grant to second 1-0: Ball 2-0: Ball 3-0: Base on Balls
|
Batting: RHB Rick McGrath
|
0-0: Fly out, F9 (Line Drive, 9LM, EV 86.2 MPH)
|
Bottom of the 3rd over - 3 runs, 4 hits, 0 errors, 3 left on base; University of Michigan 3 - Wichita State University 14 |
TOP OF THE 4TH |
University of Michigan Wolverines batting - Pitching for Wichita State University Shockers : LHP Joe Seaborn
|
Batting: LHB Yoshihisa Kobayashi
|
0-0: Foul Ball, location: 2F 0-1: Ball 1-1: DOUBLE (Line Drive, 9LM, EV 101.2 MPH)
|
Batting: LHB Javier Cajina
|
0-0: Ball 1-0: Ball 2-0: Ball 3-0: Called Strike 3-1: Base on Balls
|
Batting: RHB Jeremy Marin
|
0-0: Swinging Strike 0-1: Ball 1-1: Called Strike 1-2: Strikes out swinging
|
Batting: SHB Raul Herrera
|
0-0: Fielders Choice at 2nd, 3-6 (Groundball, 3S, EV 89.4 MPH) Yoshihisa Kobayashi to third
|
Batting: LHB Hector Beltran
|
0-0: Ball 1-0: Foul Ball, location: 2F 1-1: Fly out, F7 (Line Drive, 7, EV 89.4 MPH)
|
Top of the 4th over - 0 runs, 1 hit, 0 errors, 2 left on base; University of Michigan 3 - Wichita State University 14 |
BOTTOM OF THE 4TH |
Wichita State University Shockers batting - Pitching for University of Michigan Wolverines : RHP Russ Mathewson
|
Batting: RHB Alex Zeledon
|
0-0: Ball 1-0: Ball 2-0: Ball 3-0: Called Strike 3-1: Foul Ball, location: 2F 3-2: Base on Balls
|
Batting: RHB Kyle Gill
|
0-0: Fly out, F9 (Flyball, 9LMF, EV 103.1 MPH)
|
Batting: LHB Carlos Flores
|
0-0: Foul Ball, location: 2F 0-1: Grounds into double play, 5-4-3 (Groundball, 5, EV 86.2 MPH)
|
Bottom of the 4th over - 0 runs, 0 hits, 0 errors, 0 left on base; University of Michigan 3 - Wichita State University 14 |
TOP OF THE 5TH |
University of Michigan Wolverines batting - Pitching for Wichita State University Shockers : LHP Joe Seaborn
|
Batting: LHB Takao Ogura
|
0-0: Called Strike 0-1: Ball 1-1: Ball 2-1: Foul Ball, location: 2F 2-2: SINGLE (Line Drive, 7LS, EV 105.0 MPH)
|
Batting: SHB Fernando Fundora
|
0-0: Grounds into double play, 5-4-3 (Groundball, 56, EV 81.9 MPH)
|
Batting: RHB Shiki Nomoto
|
0-0: Ball 1-0: Called Strike 1-1: Ball 2-1: Ball 3-1: DOUBLE (Line Drive, 89D, EV 103.8 MPH)
|
Batting: LHB Carlos Guajardo
|
0-0: Fly out, F8 (Flyball, 8RS, EV 78.1 MPH)
|
Top of the 5th over - 0 runs, 2 hits, 0 errors, 1 left on base; University of Michigan 3 - Wichita State University 14 |
BOTTOM OF THE 5TH |
Wichita State University Shockers batting - Pitching for University of Michigan Wolverines : RHP Russ Mathewson
|
Pitching: RHP Mike MacDougall
|
|
Batting: RHB Marvin Coffey
|
0-0: Ground out 6-3 (Groundball, 6, EV 85.0 MPH)
|
Batting: LHB Kyle Lee
|
0-0: Ground out 1-3 (Groundball, 13S, EV 65.0 MPH)
|
Batting: RHB Jordan Carr
|
0-0: Ball 1-0: Ball 2-0: Called Strike 2-1: Ball 3-1: Ground out 5-3 (Groundball, 56, EV 83.8 MPH)
|
Bottom of the 5th over - 0 runs, 0 hits, 0 errors, 0 left on base; University of Michigan 3 - Wichita State University 14 |
TOP OF THE 6TH |
University of Michigan Wolverines batting - Pitching for Wichita State University Shockers : LHP Joe Seaborn
|
Batting: LHB Yoshihisa Kobayashi
|
0-0: TRIPLE (Flyball, 89XD, EV 88.8 MPH)
|
Batting: LHB Javier Cajina
|
0-0: Ball 1-0: Ball 2-0: SINGLE (Line Drive, 56D, EV 100.0 MPH) Yoshihisa Kobayashi scores
|
Batting: RHB Jeremy Marin
|
0-0: Foul Ball, location: 2F 0-1: Ball 1-1: Ball 2-1: Grounds into double play, 4-6-3 (Groundball, 4, EV 85.6 MPH)
|
Batting: SHB Raul Herrera
|
0-0: Foul Ball, location: 2F 0-1: Ball 1-1: Foul Ball, location: 2F 1-2: SINGLE (Line Drive, 89M, EV 93.8 MPH)
|
Batting: LHB Hector Beltran
|
0-0: Ball 1-0: Swinging Strike 1-1: Foul Ball, location: 2F 1-2: Strikes out looking
|
Top of the 6th over - 1 run, 3 hits, 0 errors, 1 left on base; University of Michigan 4 - Wichita State University 14 |
BOTTOM OF THE 6TH |
Wichita State University Shockers batting - Pitching for University of Michigan Wolverines : RHP Mike MacDougall
|
Batting: RHB Jeff Grant
|
0-0: Called Strike 0-1: Foul Ball, location: 2F 0-2: Ball 1-2: Fly out, F8 (Flyball, 8LM, EV 91.9 MPH)
|
Batting: SHB Peter Faggard
|
0-0: Called Strike 0-1: Ball 1-1: Called Strike 1-2: Strikes out swinging
|
Batting: RHB Rick McGrath
|
0-0: Ball 1-0: Foul Ball, location: 2F 1-1: Foul Ball, location: 2F 1-2: Ground out 4-3 (Groundball, 4, EV 104.4 MPH)
|
Bottom of the 6th over - 0 runs, 0 hits, 0 errors, 0 left on base; University of Michigan 4 - Wichita State University 14 |
TOP OF THE 7TH |
University of Michigan Wolverines batting - Pitching for Wichita State University Shockers : LHP Joe Seaborn
|
Batting: LHB Takao Ogura
|
0-0: Ground out 4-3 (Groundball, 4, EV 77.5 MPH)
|
Batting: SHB Fernando Fundora
|
0-0: Foul Ball, location: 2F 0-1: Foul Ball, location: 2F 0-2: Ball 1-2: SINGLE (Groundball, 6D, EV 96.9 MPH)
|
Batting: RHB Shiki Nomoto
|
0-0: Ball 1-0: Ball 2-0: Swinging Strike 2-1: Swinging Strike 2-2: Ball 3-2: DOUBLE (Line Drive, 5D, EV 96.9 MPH) Fernando Fundora to third
|
Batting: LHB Carlos Guajardo
|
0-0: Ball 1-0: Called Strike 1-1: Reached on error, E1 (Groundball, 13S, EV 75.0 MPH) Fernando Fundora scores Shiki Nomoto to third
|
Pitching: LHP Greg Burton
|
|
Batting: LHB Yoshihisa Kobayashi
|
0-0: Ball Carlos Guajardo steals 2nd base (no throw) 1-0: Called Strike 1-1: Foul Ball, location: 2F 1-2: Ball 2-2: Foul Ball, location: 2F 2-2: Ground out U3 (Groundball, 3, EV 80.6 MPH)
|
Batting: LHB Javier Cajina
|
0-0: Ground out 5-3 (Groundball, 56S, EV 82.5 MPH)
|
Top of the 7th over - 1 run, 2 hits, 1 error, 2 left on base; University of Michigan 5 - Wichita State University 14 |
BOTTOM OF THE 7TH |
Wichita State University Shockers batting - Pitching for University of Michigan Wolverines : RHP Mike MacDougall
|
Batting: RHB Alex Zeledon
|
0-0: Called Strike 0-1: Ball 1-1: Swinging Strike 1-2: Ball 2-2: SINGLE (Line Drive, 56, EV 100.6 MPH)
|
Pitching: LHP Dan Mclaren
|
|
Batting: RHB Kyle Gill
|
0-0: Swinging Strike 0-1: Ball 1-1: Ball 2-1: Ball 3-1: Base on Balls Alex Zeledon to second
|
Batting: LHB Carlos Flores
|
0-0: Fly out, F9 (Flyball, 89M, EV 88.8 MPH)
|
Batting: RHB Marvin Coffey
|
0-0: Fly out, F7 (Flyball, 78D, EV 88.1 MPH)
|
Batting: LHB Kyle Lee
|
0-0: Ball 1-0: Foul Ball, location: 2F 1-1: Foul Ball, location: 2F 1-2: Foul Ball, location: 2F 1-2: Foul Ball, location: 2F 1-2: Strikes out swinging
|
Bottom of the 7th over - 0 runs, 1 hit, 0 errors, 2 left on base; University of Michigan 5 - Wichita State University 14 |
TOP OF THE 8TH |
University of Michigan Wolverines batting - Pitching for Wichita State University Shockers : LHP Greg Burton
|
Batting: RHB Jeremy Marin
|
0-0: Foul Ball, location: 2F 0-1: Ball 1-1: Foul Ball, location: 2F 1-2: Ball 2-2: Ball 3-2: Foul Ball, location: 2F 3-2: Foul Ball, location: 2F 3-2: Base on Balls
|
Batting: SHB Raul Herrera
|
0-0: SINGLE (Groundball, 6MD, EV 105.0 MPH) Jeremy Marin to second
|
Batting: LHB Hector Beltran
|
0-0: Called Strike 0-1: Ball 1-1: Foul Ball, location: 2F 1-2: Fly out, F7 (Flyball, 7D, EV 79.4 MPH)
|
Pitching: LHP Rusty Estes
|
|
Batting: RHB Mitsuhiro Kobayashi
|
0-0: Ball 1-0: Fly out, F8 (Flyball, 8RM, EV 96.2 MPH)
|
Batting: SHB Fernando Fundora
|
0-0: Ball 1-0: Ball 2-0: Foul Ball, location: 2F 2-1: Foul Ball, location: 2F 2-2: Fly out, F9 (Flyball, 89M, EV 78.1 MPH)
|
Top of the 8th over - 0 runs, 1 hit, 0 errors, 2 left on base; University of Michigan 5 - Wichita State University 14 |
BOTTOM OF THE 8TH |
Wichita State University Shockers batting - Pitching for University of Michigan Wolverines : LHP Dan Mclaren
|
Batting: RHB Jordan Carr
|
0-0: Ball 1-0: Swinging Strike 1-1: Fly out, F8 (Flyball, 8RM, EV 88.1 MPH)
|
Batting: RHB Jeff Grant
|
0-0: Fly out, F8 (Flyball, 8RXD, EV 99.4 MPH)
|
Batting: SHB Peter Faggard
|
0-0: Swinging Strike 0-1: Swinging Strike 0-2: Strikes out swinging
|
Bottom of the 8th over - 0 runs, 0 hits, 0 errors, 0 left on base; University of Michigan 5 - Wichita State University 14 |
TOP OF THE 9TH |
University of Michigan Wolverines batting - Pitching for Wichita State University Shockers : LHP Rusty Estes
|
Batting: RHB Shiki Nomoto
|
0-0: SINGLE (Line Drive, 6MD, EV 100.6 MPH)
|
Batting: LHB Carlos Guajardo
|
0-0: Ball 1-0: Ball 2-0: Called Strike 2-1: Called Strike 2-2: Foul Ball, location: 2F 2-2: Fly out, F8 (Flyball, 8LM, EV 85.0 MPH)
|
Pitching: LHP Sterling Peyton
|
|
Batting: LHB Yoshihisa Kobayashi
|
0-0: Called Strike 0-1: Ball 1-1: Ball 2-1: Foul Ball, location: 2F 2-2: Foul Ball, location: 2F 2-2: Ball 3-2: Foul Ball, location: 2F 3-2: Base on Balls Shiki Nomoto to second
|
Batting: LHB Javier Cajina
|
0-0: Ball 1-0: Called Strike 1-1: Fielders Choice at 2nd, 5-4 (Groundball, 5, EV 85.0 MPH) Shiki Nomoto to third
|
Batting: RHB Jeremy Marin
|
0-0: Ball 1-0: Foul Ball, location: 2F 1-1: Ball 2-1: Called Strike 2-2: Foul Ball, location: 2F 2-2: Ball 3-2: Base on Balls Javier Cajina to second
|
Batting: SHB Raul Herrera
|
0-0: Swinging Strike 0-1: Called Strike 0-2: Strikes out swinging
|
Top of the 9th over - 0 runs, 1 hit, 0 errors, 3 left on base; University of Michigan 5 - Wichita State University 14 |
|